Boston Bruins vs Montreal Canadiens
Created - Saturday, February 17, 2024 at 08:21
Goals
|
| Boston Bruins |
0 |
2 |
1 |
3 |
| Montreal Canadiens |
1 |
0 |
0 |
1 |
|
Shots
|
| Boston Bruins |
7 |
15 |
9 |
31 |
| Montreal Canadiens |
14 |
3 |
15 |
32 |
|
1st period
1. Montreal Canadiens , Sidney Crosby 6 (Patrik Laine 5) at 19:12
Penalties :
No Penalty
2nd period
2. Boston Bruins , Joel Farabee 4 (David Krejci 6, Luke Kunin 3) at 2:54 (PP)
3. Boston Bruins , David Krejci 3 (Matt Grzelcyk 2, Luke Kunin 4) at 9:15
Penalties :
Filip Forsberg (MTL) for Hooking (Minor) at 0:51, Jamie Benn (MTL) for Holding (Minor) at 1:29, Luke Kunin (BOS) for Hooking (Minor) at 3:58, Charlie McAvoy (BOS) for Holding (Minor) at 10:14, Brandon Hagel (BOS) for Holding Stick (Minor) at 19:12
3rd period
4. Boston Bruins , Samuel Girard 1 (Ryan Donato 4, John-Jason Peterka 2) at 19:08 (Empty Net)
Penalties :
Tyler Myers (MTL) for Boarding (Double Minor) at 14:11, Jonathan Marchessault (MTL) for Holding (Minor) at 19:38
Goalie Stats
Pyotr Kochetkov (BOS), 31 saves from 32 shots - (0.969), W, 2-3-2, 60:00 minutes
David Rittich (MTL), 28 saves from 30 shots - (0.933), L, 1-2-0, 59:24 minutes
Players Stats for Boston Bruins
Player Name G A P +/- PIM S H SB GA TA FO MP PP MP PK MP
------------------------------------------------------------------------------------
Anthony Beauvillier 0 0 0 1 0 3 2 1 1 1 0/0 19:51 2:42 2:47
Brandon Hagel 0 0 0 1 2 1 1 0 0 0 3/3 19:11 2:42 1:53
Cam York 0 0 0 1 0 0 2 2 0 1 0/0 22:02 3:15 2:32
Charlie McAvoy 0 0 0 0 2 1 0 1 0 0 0/0 21:58 3:08 2:30
David Krejci 1 1 2 0 0 8 0 1 3 0 3/15 19:56 3:15 2:50
Jack Studnicka 0 0 0 0 0 1 1 0 0 0 0/0 8:43 0:26 0:00
Joe Veleno 0 0 0 0 0 2 0 0 0 0 1/1 13:07 0:26 0:00
Joel Farabee 1 0 1 0 0 5 0 0 1 0 0/2 15:34 3:15 0:00
John-Jason Peterka 0 1 1 0 0 1 2 1 1 0 2/2 13:54 0:00 1:17
Luke Kunin 0 2 2 0 2 2 6 0 0 0 0/1 15:21 3:00 0:00
Matt Grzelcyk 0 1 1 0 0 0 0 0 0 1 0/0 14:06 0:00 0:00
Morgan Geekie 0 0 0 0 0 1 2 0 0 0 1/1 8:17 0:00 0:00
Otto Koivula 0 0 0 0 0 2 0 0 1 0 0/0 8:17 0:00 0:00
Pavel Zacha 0 0 0 1 0 0 1 0 1 0 11/26 18:45 2:42 2:54
Ryan Donato 0 1 1 0 0 2 1 0 1 2 1/7 14:18 0:41 0:13
Samuel Bolduc 0 0 0 0 0 1 0 0 1 0 0/0 15:30 0:00 0:55
Samuel Girard 1 0 1 1 0 1 0 1 1 1 0/0 22:03 3:15 2:32
Tyson Barrie 0 0 0 0 0 0 0 1 0 1 0/0 23:07 3:08 3:25
Players Stats for Montreal Canadiens
Player Name G A P +/- PIM S H SB GA TA FO MP PP MP PK MP
------------------------------------------------------------------------------------
Adam Fox 0 0 0 1 0 0 1 1 0 0 0/0 23:33 2:42 3:44
Brady Skjei 0 0 0 1 0 0 1 2 0 3 0/0 23:56 2:42 3:43
Christian Fischer 0 0 0 0 0 0 0 0 0 1 2/6 12:19 0:00 0:00
Damon Severson 0 0 0 -2 0 1 0 1 0 1 0/0 22:41 3:15 2:30
Dylan Larkin 0 0 0 -1 0 2 5 2 2 1 11/18 18:47 2:30 3:04
Evgeni Dadonov 0 0 0 0 0 0 1 1 1 0 0/1 13:21 0:00 1:02
Filip Forsberg 0 0 0 -1 2 1 1 1 1 1 1/2 15:34 2:30 0:04
Filip Hronek 0 0 0 0 0 0 0 0 0 1 0/0 13:23 0:00 0:10
Jake Evans 0 0 0 0 0 2 1 0 0 0 2/3 8:04 0:00 0:00
Jamie Benn 0 0 0 0 2 3 0 1 1 0 3/4 19:40 3:27 2:10
Jonathan Marchessault 0 0 0 0 2 1 2 0 1 0 1/1 12:28 0:00 0:10
Marco Scandella 0 0 0 0 0 1 0 0 0 1 0/0 15:21 0:00 1:44
Martin Necas 0 0 0 -1 0 2 1 1 0 0 0/0 15:38 2:30 0:07
Patrik Laine 0 1 1 0 0 4 1 0 0 0 2/2 19:58 3:27 2:15
Sidney Crosby 1 0 1 0 0 8 3 1 0 2 14/21 20:13 3:27 2:42
Tomas Nosek 0 0 0 0 0 2 1 0 0 0 0/0 8:04 0:00 0:00
Tyler Myers 0 0 0 -2 4 4 2 2 0 0 0/0 21:07 3:15 0:45
Vladislav Namestnikov 0 0 0 0 0 1 2 0 1 0 0/0 8:04 0:00 0:00
3 Stars
1 - Pyotr Kochetkov (BOS)
2 - David Krejci (BOS)
3 - Luke Kunin (BOS)
Power Play
Boston Bruins - 1 on 6 Attempt(s) - 16.67%
Montreal Canadiens - 0 on 2 Attempt(s) - 0.00%
Penalty Kill
Boston Bruins - 2 on 2 Attempt(s) - 100.00%
- Score 0 goal in Penalty Kill
Montreal Canadiens - 5 on 6 Attempt(s) - 83.33%
- Score 0 goal in Penalty Kill
Team Stat
Boston Bruins - Hits : 18 - Faceoff Wins : 22 - Blocked Shots : 8 - Penalty Minutes : 6
Montreal Canadiens - Hits : 22 - Faceoff Wins : 36 - Blocked Shots : 13 - Penalty Minutes : 10
Official
Referees : Brad Watson and Evgeny Romasko
Linesman : Scott Driscoll and Pierre Racicot
Game Notes
6:55 of 3rd period - Penalty Shot by Sidney Crosby for Montreal Canadiens - Stopped by Pyotr Kochetkov
Samuel Girard has scored in a empty net!
Finance
Level 1 -- Attendance: 5475 (91.25%) -- Ticket Income $492,750
Level 2 -- Attendance: 5000 (100.00%) -- Ticket Income $250,000
Level 3 -- Attendance: 2619 (87.30%) -- Ticket Income $78,570
Level 4 -- Attendance: 4840 (96.80%) -- Ticket Income $96,800
Luxury Box -- Attendance: 961 (96.10%) -- Ticket Income $187,395
Game was played at the Bell Centre.
Total Attendance: 18895 (94.48%)
Total Ticket Income: $1,105,515
Other Income: $386,930
Total Income: $1,492,445
Boston Bruins
5 vs 5 Forward
Center Left Wing Right Wing Time % Phy DF OF
1 Pavel Zacha Brandon Hagel Anthony Beauvillier 30 1 2 2
2 David Krejci Luke Kunin Joel Farabee 30 1 2 2
3 Ryan Donato Joe Veleno John-Jason Peterka 25 1 2 2
4 Morgan Geekie Otto Koivula Jack Studnicka 15 1 2 2
5 vs 5 Defense
Defense Defense Time % Phy DF OF
1 Charlie McAvoy Tyson Barrie 35 1 2 2
2 Samuel Girard Cam York 35 1 2 2
3 Matt Grzelcyk Samuel Bolduc 30 1 2 2
4 Charlie McAvoy Tyson Barrie 0 1 2 2
PowerPlay Forward
Center Left Wing Right Wing Time % Phy DF OF
1 Pavel Zacha Brandon Hagel Anthony Beauvillier 50 1 2 2
2 David Krejci Luke Kunin Joel Farabee 50 1 2 2
PowerPlay Defense
Defense Defense Time % Phy DF OF
1 Charlie McAvoy Tyson Barrie 50 1 2 2
2 Samuel Girard Cam York 50 1 2 2
Penalty Kill 4 Players Forward
Center Wing Time % Phy DF OF
1 Brandon Hagel Pavel Zacha 50 1 2 2
2 David Krejci Anthony Beauvillier 50 1 2 2
Penalty Kill 4 Players Defense
Defense Defense Time % Phy DF OF
1 Charlie McAvoy Tyson Barrie 50 1 2 2
2 Samuel Girard Cam York 50 1 2 2
Penalty Kill - 3 Players Forward
Forward Time % Phy DF OF
1 Brandon Hagel 50 1 2 2
2 Pavel Zacha 50 1 2 2
Penalty Kill - 3 Players Defense
Defense Defense Time % Phy DF OF
1 Charlie McAvoy Tyson Barrie 50 1 2 2
2 Samuel Girard Cam York 50 1 2 2
4 vs 4 Forward
Center Wing Time % Phy DF OF
1 Brandon Hagel Pavel Zacha 50 1 2 2
2 David Krejci Anthony Beauvillier 50 1 2 2
4 vs 4 Defense
Defense Defense Time % Phy DF OF
1 Charlie McAvoy Tyson Barrie 50 1 2 2
2 Samuel Girard Cam York 50 1 2 2
Last Minutes Offensive
Center Left Wing Right Wing Defense Defense
Pavel Zacha Brandon Hagel Anthony Beauvillier Charlie McAvoy Tyson Barrie
Last Minutes Defensive
Center Left Wing Right Wing Defense Defense
Pavel Zacha Brandon Hagel Anthony Beauvillier Charlie McAvoy Tyson Barrie
Goaltenders
Starting : Pyotr Kochetkov
Backup : Leevi Merilainen
Extra Forwards
Normal : Ryan Donato, Joe Veleno, John-Jason Peterka - PP : Ryan Donato, Joe Veleno - PK : John-Jason Peterka
Extra Defensemen
Normal : Matt Grzelcyk, Samuel Bolduc, Samuel Girard - PP : Matt Grzelcyk - PK : Samuel Bolduc, Samuel Girard
Penalty Shots
Brandon Hagel, Pavel Zacha, David Krejci, Anthony Beauvillier, Luke Kunin
Montreal Canadiens
5 vs 5 Forward
Center Left Wing Right Wing Time % Phy DF OF
1 Sidney Crosby Jamie Benn Patrik Laine 30 1 2 2
2 Dylan Larkin Filip Forsberg Martin Necas 30 1 2 2
3 Christian Fischer Jonathan Marchessault Evgeni Dadonov 25 1 2 2
4 Jake Evans Tomas Nosek Vladislav Namestnikov 15 1 2 2
5 vs 5 Defense
Defense Defense Time % Phy DF OF
1 Adam Fox Brady Skjei 35 1 2 2
2 Damon Severson Tyler Myers 35 1 2 2
3 Filip Hronek Marco Scandella 30 1 2 2
4 Adam Fox Brady Skjei 0 1 2 2
PowerPlay Forward
Center Left Wing Right Wing Time % Phy DF OF
1 Sidney Crosby Jamie Benn Patrik Laine 50 1 2 2
2 Dylan Larkin Filip Forsberg Martin Necas 50 1 2 2
PowerPlay Defense
Defense Defense Time % Phy DF OF
1 Adam Fox Brady Skjei 50 1 2 2
2 Damon Severson Tyler Myers 50 1 2 2
Penalty Kill 4 Players Forward
Center Wing Time % Phy DF OF
1 Sidney Crosby Dylan Larkin 50 1 2 2
2 Jamie Benn Patrik Laine 50 1 2 2
Penalty Kill 4 Players Defense
Defense Defense Time % Phy DF OF
1 Adam Fox Brady Skjei 50 1 2 2
2 Damon Severson Tyler Myers 50 1 2 2
Penalty Kill - 3 Players Forward
Forward Time % Phy DF OF
1 Sidney Crosby 50 1 2 2
2 Dylan Larkin 50 1 2 2
Penalty Kill - 3 Players Defense
Defense Defense Time % Phy DF OF
1 Adam Fox Brady Skjei 50 1 2 2
2 Damon Severson Tyler Myers 50 1 2 2
4 vs 4 Forward
Center Wing Time % Phy DF OF
1 Sidney Crosby Dylan Larkin 50 1 2 2
2 Jamie Benn Patrik Laine 50 1 2 2
4 vs 4 Defense
Defense Defense Time % Phy DF OF
1 Adam Fox Brady Skjei 50 1 2 2
2 Damon Severson Tyler Myers 50 1 2 2
Last Minutes Offensive
Center Left Wing Right Wing Defense Defense
Sidney Crosby Jamie Benn Patrik Laine Adam Fox Brady Skjei
Last Minutes Defensive
Center Left Wing Right Wing Defense Defense
Sidney Crosby Jamie Benn Patrik Laine Adam Fox Brady Skjei
Goaltenders
Starting : David Rittich
Backup : Jacob Markstrom
Extra Forwards
Normal : Tomas Nosek, Jonathan Marchessault, Evgeni Dadonov - PP : Tomas Nosek, Jonathan Marchessault - PK : Evgeni Dadonov
Extra Defensemen
Normal : Filip Hronek, Adam Fox, Damon Severson - PP : Filip Hronek - PK : Brady Skjei, Damon Severson
Penalty Shots
Sidney Crosby, Dylan Larkin, Jamie Benn, Patrik Laine, Filip Forsberg
% Time on Ice - Boston Bruins
Lines # - Real PCT - Wanted PCT - Time Play
Normal Forward
1 - 27% - 30% - 13:03
2 - 29% - 30% - 13:57
3 - 26% - 25% - 12:17
4 - 17% - 15% - 8:17
Normal Defense
1 - 35% - 35% - 16:40
2 - 36% - 35% - 16:54
3 - 29% - 30% - 14:00
4 - 0% - 0% - 0:00
PP Forward
1 - 42% - 50% - 2:42
2 - 58% - 50% - 3:41
PP Defense
1 - 49% - 50% - 3:08
2 - 51% - 50% - 3:15
PK Forward
1 - 49% - 50% - 2:54
2 - 51% - 50% - 3:03
PK Defense
1 - 57% - 50% - 3:25
2 - 43% - 50% - 2:32
PK3 Forward
1 - 0% - 50%
2 - 0% - 50%
PK3 Defense
1 - 0% - 50%
2 - 0% - 50%
44 Forward
1 - 0% - 50%
2 - 0% - 50%
44 Defense
1 - 0% - 50%
2 - 0% - 50%
Last Minute Offensive - 0:00
Last Minute Defensive - 0:06
Total
Forward - 60:00
Defense - 60:00
|
% Time on Ice - Montreal Canadiens
Lines # - Real PCT - Wanted PCT - Time Play
Normal Forward
1 - 29% - 30% - 13:55
2 - 28% - 30% - 13:13
3 - 26% - 25% - 12:19
4 - 17% - 15% - 8:04
Normal Defense
1 - 35% - 35% - 16:31
2 - 36% - 35% - 17:11
3 - 28% - 30% - 13:13
4 - 1% - 0% - 0:36
PP Forward
1 - 58% - 50% - 3:27
2 - 42% - 50% - 2:30
PP Defense
1 - 45% - 50% - 2:42
2 - 55% - 50% - 3:15
PK Forward
1 - 53% - 50% - 2:40
2 - 47% - 50% - 2:22
PK Defense
1 - 32% - 50% - 1:38
2 - 68% - 50% - 3:24
PK3 Forward
1 - 40% - 50% - 0:32
2 - 60% - 50% - 0:49
PK3 Defense
1 - 72% - 50% - 0:58
2 - 28% - 50% - 0:23
44 Forward
1 - 0% - 50%
2 - 0% - 50%
44 Defense
1 - 0% - 50%
2 - 0% - 50%
Last Minute Offensive - 0:09
Last Minute Defensive - 0:00
Total
Forward - 60:00
Defense - 60:00
|
Play-by-Play
1st period
0:01 of 1st period - Sidney Crosby wins face-off versus Pavel Zacha in neutral zone.
0:33 of 1st period - Wrist shot by Dylan Larkin.
0:33 of 1st period - Shot Misses the Net.
1:39 of 1st period - Snap shot by Patrik Laine.
1:39 of 1st period - Shot Misses the Net.
1:54 of 1st period - Off-side.
1:55 of 1st period - Christian Fischer wins face-off versus David Krejci in neutral zone.
2:00 of 1st period - Snap shot by Jonathan Marchessault.
2:00 of 1st period - Shot Misses the Net.
2:11 of 1st period - Snap shot by Jonathan Marchessault.
2:11 of 1st period - Shot Blocked by Samuel Girard.
2:41 of 1st period - Snap shot by Jonathan Marchessault.
2:41 of 1st period - Shot Misses the Net.
2:50 of 1st period - Off-side.
2:51 of 1st period - Dylan Larkin wins face-off versus Ryan Donato in neutral zone.
3:06 of 1st period - Snap shot by Ryan Donato.
3:06 of 1st period - Stopped by David Rittich with a rebound.
3:23 of 1st period - Anthony Beauvillier is hit by Tyler Myers and loses puck.
3:42 of 1st period - Jack Studnicka is hit by Vladislav Namestnikov and loses puck.
4:26 of 1st period - Wrist shot by Jonathan Marchessault.
4:26 of 1st period - Stopped by Pyotr Kochetkov with a rebound.
4:32 of 1st period - Marco Scandella is hit by John-Jason Peterka and loses puck.
4:53 of 1st period - Snap shot by John-Jason Peterka.
4:53 of 1st period - Deflect By Joe Veleno.
4:53 of 1st period - Stopped by David Rittich with a rebound.
5:13 of 1st period - Snap shot by Ryan Donato.
5:13 of 1st period - Stopped by David Rittich with a rebound.
5:15 of 1st period - Wrist shot by Ryan Donato.
5:15 of 1st period - Deflect By Marco Scandella.
5:15 of 1st period - Shot Misses the Net.
5:15 of 1st period - Puck is out of play.
5:16 of 1st period - Sidney Crosby wins face-off versus Pavel Zacha in Montreal Canadiens zone.
5:42 of 1st period - Charlie McAvoy is hit by Martin Necas and loses puck.
7:12 of 1st period - Christian Fischer is hit by Luke Kunin and loses puck.
7:29 of 1st period - Snap shot by Sidney Crosby.
7:29 of 1st period - Shot Hit the Post.
7:41 of 1st period - Filip Hronek is hit by Cam York and loses puck.
9:32 of 1st period - Jamie Benn is hit by Luke Kunin.
9:46 of 1st period - Snap shot by Brandon Hagel.
9:46 of 1st period - Stopped by David Rittich with a rebound.
10:06 of 1st period - Wrist shot by Dylan Larkin.
10:06 of 1st period - Shot Misses the Net.
10:08 of 1st period - Wrist shot by Dylan Larkin.
10:08 of 1st period - Shot Misses the Net.
10:12 of 1st period - Snap shot by Dylan Larkin.
10:12 of 1st period - Shot Blocked by John-Jason Peterka.
10:14 of 1st period - Wrist shot by Martin Necas.
10:14 of 1st period - Stopped by Pyotr Kochetkov without a rebound.
10:15 of 1st period - Jake Evans wins face-off versus Pavel Zacha in Boston Bruins zone.
10:16 of 1st period - Slapshot by Adam Fox.
10:16 of 1st period - Shot Misses the Net.
10:18 of 1st period - Slapshot by Vladislav Namestnikov.
10:18 of 1st period - Shot Misses the Net.
10:20 of 1st period - Wrist shot by Tomas Nosek.
10:20 of 1st period - Stopped by Pyotr Kochetkov without a rebound.
10:21 of 1st period - Pavel Zacha wins face-off versus Jake Evans in Boston Bruins zone.
10:29 of 1st period - Icing by Adam Fox.
10:30 of 1st period - Jake Evans wins face-off versus David Krejci in Montreal Canadiens zone.
10:39 of 1st period - Slapshot by David Krejci.
10:39 of 1st period - Stopped by David Rittich without a rebound.
10:40 of 1st period - David Krejci wins face-off versus Dylan Larkin in Montreal Canadiens zone.
10:41 of 1st period - Slapshot by Joel Farabee.
10:41 of 1st period - Shot Misses the Net.
10:43 of 1st period - Snap shot by Charlie McAvoy.
10:43 of 1st period - Stopped by David Rittich without a rebound.
10:44 of 1st period - Pavel Zacha wins face-off versus Dylan Larkin in Montreal Canadiens zone.
10:51 of 1st period - Wrist shot by Martin Necas.
10:51 of 1st period - Shot Blocked by Cam York.
10:53 of 1st period - Wrist shot by Dylan Larkin.
10:53 of 1st period - Stopped by Pyotr Kochetkov with a rebound.
10:55 of 1st period - Slapshot by Tyler Myers.
10:55 of 1st period - Stopped by Pyotr Kochetkov without a rebound.
10:56 of 1st period - Dylan Larkin wins face-off versus David Krejci in Boston Bruins zone.
11:09 of 1st period - Wrist shot by David Krejci.
11:09 of 1st period - Shot Misses the Net.
11:11 of 1st period - Backhand shot by Cam York.
11:11 of 1st period - Shot Blocked by Damon Severson.
11:32 of 1st period - Wrist shot by Filip Forsberg.
11:32 of 1st period - Shot Misses the Net.
11:34 of 1st period - Snap shot by Dylan Larkin.
11:34 of 1st period - Stopped by Pyotr Kochetkov with a rebound.
11:36 of 1st period - Slapshot by Tyler Myers.
11:36 of 1st period - Stopped by Pyotr Kochetkov with a rebound.
12:26 of 1st period - Slapshot by Joe Veleno.
12:26 of 1st period - Shot Blocked by Martin Necas.
12:42 of 1st period - Wrist shot by Martin Necas.
12:42 of 1st period - Shot Blocked by Cam York.
12:44 of 1st period - Backhand shot by Damon Severson.
12:44 of 1st period - Shot Misses the Net.
12:48 of 1st period - Wrist shot by Dylan Larkin.
12:48 of 1st period - Shot Misses the Net.
12:50 of 1st period - Wrist shot by Filip Forsberg.
12:50 of 1st period - Stopped by Pyotr Kochetkov with a rebound.
12:52 of 1st period - Backhand shot by Damon Severson.
12:52 of 1st period - Shot Misses the Net.
12:54 of 1st period - Snap shot by Martin Necas.
12:54 of 1st period - Deflect By Dylan Larkin.
12:54 of 1st period - Shot Misses the Net.
12:54 of 1st period - Puck is out of play.
12:55 of 1st period - Sidney Crosby wins face-off versus Pavel Zacha in Boston Bruins zone.
12:56 of 1st period - Wrist shot by Jamie Benn.
12:56 of 1st period - Stopped by Pyotr Kochetkov with a rebound.
12:58 of 1st period - Wrist shot by Sidney Crosby.
12:58 of 1st period - Stopped by Pyotr Kochetkov with a rebound.
14:24 of 1st period - Adam Fox is hit by Luke Kunin and loses puck.
15:27 of 1st period - Snap shot by Jake Evans.
15:27 of 1st period - Stopped by Pyotr Kochetkov with a rebound.
15:56 of 1st period - Icing by Cam York.
15:57 of 1st period - Christian Fischer wins face-off versus Ryan Donato in Boston Bruins zone.
16:16 of 1st period - Pavel Zacha is hit by Jonathan Marchessault and loses puck.
16:39 of 1st period - Dylan Larkin is hit by Luke Kunin.
16:43 of 1st period - Slapshot by David Krejci.
16:43 of 1st period - Shot Misses the Net.
16:57 of 1st period - Otto Koivula is hit by Jake Evans and loses puck.
17:06 of 1st period - Snap shot by Vladislav Namestnikov.
17:06 of 1st period - Stopped by Pyotr Kochetkov with a rebound.
17:26 of 1st period - Sidney Crosby is hit by Pavel Zacha and loses puck.
17:41 of 1st period - Samuel Girard is hit by Adam Fox and loses puck.
18:22 of 1st period - Brandon Hagel is hit by Vladislav Namestnikov and loses puck.
18:45 of 1st period - Slapshot by Otto Koivula.
18:45 of 1st period - Stopped by David Rittich without a rebound.
18:46 of 1st period - Morgan Geekie wins face-off versus Sidney Crosby in Montreal Canadiens zone.
18:47 of 1st period - Slapshot by Jack Studnicka.
18:47 of 1st period - Shot Misses the Net.
18:50 of 1st period - Icing by Patrik Laine.
18:51 of 1st period - Sidney Crosby wins face-off versus Joel Farabee in Montreal Canadiens zone.
19:12 of 1st period - Wrist shot by Sidney Crosby.
19:12 of 1st period - Goal by Sidney Crosby - Boston Bruins : 0 - Montreal Canadiens : 1.
19:13 of 1st period - Pavel Zacha wins face-off versus Christian Fischer in neutral zone.
19:45 of 1st period - Wrist shot by Sidney Crosby.
19:45 of 1st period - Stopped by Pyotr Kochetkov with a rebound.
Goals for this period are 0 for Boston Bruins vs 1 for Montreal Canadiens.
Shots for this period are 7 for Boston Bruins vs 14 for Montreal Canadiens.
2nd period
0:01 of 2nd period - Dylan Larkin wins face-off versus Pavel Zacha in neutral zone.
0:32 of 2nd period - Wrist shot by David Krejci.
0:32 of 2nd period - Stopped by David Rittich without a rebound.
0:33 of 2nd period - Sidney Crosby wins face-off versus David Krejci in Montreal Canadiens zone.
0:42 of 2nd period - Snap shot by Joel Farabee.
0:42 of 2nd period - Stopped by David Rittich with a rebound.
0:44 of 2nd period - Snap shot by David Krejci.
0:44 of 2nd period - Shot Misses the Net.
0:46 of 2nd period - Slapshot by David Krejci.
0:46 of 2nd period - Stopped by David Rittich without a rebound.
0:47 of 2nd period - Pavel Zacha wins face-off versus Dylan Larkin in Montreal Canadiens zone.
0:51 of 2nd period - Minor Penalty to Filip Forsberg for Hooking.
0:52 of 2nd period - Sidney Crosby wins face-off versus Pavel Zacha in Montreal Canadiens zone.
1:07 of 2nd period - Off-side.
1:08 of 2nd period - Jamie Benn wins face-off versus David Krejci in neutral zone.
1:29 of 2nd period - Minor Penalty to Jamie Benn for Holding.
1:30 of 2nd period - Brandon Hagel wins face-off versus Sidney Crosby in Montreal Canadiens zone.
1:37 of 2nd period - Snap shot by Pavel Zacha.
1:37 of 2nd period - Shot Blocked by Sidney Crosby.
1:57 of 2nd period - Icing by Luke Kunin.
1:58 of 2nd period - David Krejci wins face-off versus Sidney Crosby in Boston Bruins zone.
2:20 of 2nd period - Icing by Luke Kunin.
2:21 of 2nd period - Dylan Larkin wins face-off versus Joel Farabee in Boston Bruins zone.
2:30 of 2nd period - Slapshot by David Krejci.
2:30 of 2nd period - Shot Blocked by Brady Skjei.
2:32 of 2nd period - Slapshot by Cam York.
2:32 of 2nd period - Shot Misses the Net.
2:40 of 2nd period - Slapshot by Joel Farabee.
2:40 of 2nd period - Shot Misses the Net.
2:42 of 2nd period - Wrist shot by Joel Farabee.
2:42 of 2nd period - Shot Blocked by Brady Skjei.
2:51 of 2nd period - Penalty to Filip Forsberg is over, Filip Forsberg is back on ice.
2:52 of 2nd period - Snap shot by Joel Farabee.
2:52 of 2nd period - Shot Blocked by Adam Fox.
2:54 of 2nd period - Snap shot by Joel Farabee.
2:54 of 2nd period - Goal by Joel Farabee - Boston Bruins : 1 - Montreal Canadiens : 1.
2:55 of 2nd period - Sidney Crosby wins face-off versus Pavel Zacha in neutral zone.
3:02 of 2nd period - Snap shot by Patrik Laine.
3:02 of 2nd period - Stopped by Pyotr Kochetkov without a rebound.
3:03 of 2nd period - Sidney Crosby wins face-off versus Pavel Zacha in Boston Bruins zone.
3:14 of 2nd period - Snap shot by Anthony Beauvillier.
3:14 of 2nd period - Stopped by David Rittich with a rebound.
3:34 of 2nd period - Snap shot by Jamie Benn.
3:34 of 2nd period - Deflect By Anthony Beauvillier.
3:34 of 2nd period - Stopped by Pyotr Kochetkov without a rebound.
3:35 of 2nd period - Dylan Larkin wins face-off versus David Krejci in Boston Bruins zone.
3:58 of 2nd period - Minor Penalty to Luke Kunin for Hooking.
3:59 of 2nd period - Brandon Hagel wins face-off versus Sidney Crosby in Boston Bruins zone.
4:34 of 2nd period - Slapshot by Anthony Beauvillier.
4:34 of 2nd period - Stopped by David Rittich with a rebound.
4:36 of 2nd period - Slapshot by David Krejci.
4:36 of 2nd period - Stopped by David Rittich with a rebound.
5:58 of 2nd period - Penalty to Luke Kunin is over, Luke Kunin is back on ice.
7:42 of 2nd period - Snap shot by Joel Farabee.
7:42 of 2nd period - Stopped by David Rittich with a rebound.
8:17 of 2nd period - Icing by Sidney Crosby.
8:18 of 2nd period - Sidney Crosby wins face-off versus Ryan Donato in Montreal Canadiens zone.
9:09 of 2nd period - Snap shot by Luke Kunin.
9:09 of 2nd period - Shot Blocked by Dylan Larkin.
9:11 of 2nd period - Wrist shot by Joel Farabee.
9:11 of 2nd period - Stopped by David Rittich with a rebound.
9:13 of 2nd period - Wrist shot by Luke Kunin.
9:13 of 2nd period - Shot Misses the Net.
9:15 of 2nd period - Slapshot by Matt Grzelcyk.
9:15 of 2nd period - Deflect By David Krejci.
9:15 of 2nd period - Goal by David Krejci - Boston Bruins : 2 - Montreal Canadiens : 1.
9:16 of 2nd period - Dylan Larkin wins face-off versus Pavel Zacha in neutral zone.
9:41 of 2nd period - Samuel Girard is hit by Patrik Laine and loses puck.
10:12 of 2nd period - Snap shot by Jonathan Marchessault.
10:12 of 2nd period - Shot Misses the Net.
10:14 of 2nd period - Minor Penalty to Charlie McAvoy for Holding.
10:15 of 2nd period - Brandon Hagel wins face-off versus Filip Forsberg in Boston Bruins zone.
12:13 of 2nd period - Ryan Donato is hit by Sidney Crosby and loses puck.
12:14 of 2nd period - Penalty to Charlie McAvoy is over, Charlie McAvoy is back on ice.
12:30 of 2nd period - Slapshot by Tyson Barrie.
12:30 of 2nd period - Shot Blocked by Evgeni Dadonov.
12:32 of 2nd period - Slapshot by Samuel Bolduc.
12:32 of 2nd period - Shot Misses the Net.
12:34 of 2nd period - Snap shot by Tyson Barrie.
12:34 of 2nd period - Shot Misses the Net.
12:36 of 2nd period - Wrist shot by Jack Studnicka.
12:36 of 2nd period - Stopped by David Rittich with a rebound.
12:50 of 2nd period - Jake Evans is hit by Cam York.
13:18 of 2nd period - Morgan Geekie is hit by Jonathan Marchessault and loses puck.
14:30 of 2nd period - Backhand shot by Filip Forsberg.
14:30 of 2nd period - Shot Misses the Net.
15:09 of 2nd period - Snap shot by Joel Farabee.
15:09 of 2nd period - Deflect By Luke Kunin.
15:09 of 2nd period - Stopped by David Rittich without a rebound.
15:10 of 2nd period - Pavel Zacha wins face-off versus Evgeni Dadonov in Montreal Canadiens zone.
15:37 of 2nd period - Charlie McAvoy is hit by Dylan Larkin and loses puck.
15:48 of 2nd period - Martin Necas is hit by Ryan Donato and loses puck.
16:05 of 2nd period - Patrik Laine is hit by Luke Kunin and loses puck.
16:10 of 2nd period - Snap shot by David Krejci.
16:10 of 2nd period - Shot Misses the Net.
16:12 of 2nd period - Slapshot by Samuel Bolduc.
16:12 of 2nd period - Stopped by David Rittich without a rebound.
16:13 of 2nd period - Pavel Zacha wins face-off versus Christian Fischer in Montreal Canadiens zone.
16:14 of 2nd period - Snap shot by Anthony Beauvillier.
16:14 of 2nd period - Stopped by David Rittich with a rebound.
16:48 of 2nd period - Snap shot by Luke Kunin.
16:48 of 2nd period - Stopped by David Rittich with a rebound.
16:50 of 2nd period - Slapshot by Samuel Bolduc.
16:50 of 2nd period - Shot Misses the Net.
17:00 of 2nd period - John-Jason Peterka is hit by Sidney Crosby and loses puck.
17:21 of 2nd period - Jake Evans is hit by Jack Studnicka and loses puck.
17:49 of 2nd period - Snap shot by Brandon Hagel.
17:49 of 2nd period - Deflect By Anthony Beauvillier.
17:49 of 2nd period - Shot Blocked by Tyler Myers.
17:49 of 2nd period - Puck is out of play.
17:50 of 2nd period - Dylan Larkin wins face-off versus David Krejci in Montreal Canadiens zone.
17:57 of 2nd period - Joel Farabee is hit by Dylan Larkin and loses puck.
18:16 of 2nd period - Brandon Hagel is hit by Sidney Crosby and loses puck.
19:04 of 2nd period - Backhand shot by Jake Evans.
19:04 of 2nd period - Shot Blocked by Charlie McAvoy.
19:06 of 2nd period - Wrist shot by Jake Evans.
19:06 of 2nd period - Shot Misses the Net.
19:08 of 2nd period - Slapshot by Marco Scandella.
19:08 of 2nd period - Deflect By Tyson Barrie.
19:08 of 2nd period - Stopped by Pyotr Kochetkov without a rebound.
19:09 of 2nd period - Pavel Zacha wins face-off versus Dylan Larkin in Boston Bruins zone.
19:09 of 2nd period - Pavel Zacha is hit by Dylan Larkin.
19:12 of 2nd period - Minor Penalty to Brandon Hagel for Holding Stick.
19:13 of 2nd period - John-Jason Peterka wins face-off versus Jamie Benn in Boston Bruins zone.
Goals for this period are 2 for Boston Bruins vs 0 for Montreal Canadiens.
Shots for this period are 15 for Boston Bruins vs 3 for Montreal Canadiens.
3rd period
0:01 of 3rd period - John-Jason Peterka wins face-off versus Sidney Crosby in neutral zone.
0:12 of 3rd period - Slapshot by John-Jason Peterka.
0:12 of 3rd period - Stopped by David Rittich without a rebound.
0:13 of 3rd period - Sidney Crosby wins face-off versus David Krejci in Montreal Canadiens zone.
0:21 of 3rd period - Icing by Sidney Crosby.
0:22 of 3rd period - David Krejci wins face-off versus Sidney Crosby in Montreal Canadiens zone.
0:43 of 3rd period - Wrist shot by Pavel Zacha.
0:43 of 3rd period - Shot Misses the Net.
1:05 of 3rd period - Wrist shot by Patrik Laine.
1:05 of 3rd period - Shot Blocked by Tyson Barrie.
1:07 of 3rd period - Slapshot by Tyler Myers.
1:07 of 3rd period - Stopped by Pyotr Kochetkov with a rebound.
1:09 of 3rd period - Snap shot by Sidney Crosby.
1:09 of 3rd period - Shot Misses the Net.
1:11 of 3rd period - Snap shot by Patrik Laine.
1:11 of 3rd period - Stopped by Pyotr Kochetkov with a rebound.
1:12 of 3rd period - Penalty to Brandon Hagel is over, Brandon Hagel is back on ice.
1:13 of 3rd period - Snap shot by Tyler Myers.
1:13 of 3rd period - Stopped by Pyotr Kochetkov with a rebound.
1:15 of 3rd period - Slapshot by Damon Severson.
1:15 of 3rd period - Shot Blocked by Anthony Beauvillier.
1:17 of 3rd period - Snap shot by Jamie Benn.
1:17 of 3rd period - Shot Misses the Net.
1:47 of 3rd period - Snap shot by Patrik Laine.
1:47 of 3rd period - Stopped by Pyotr Kochetkov with a rebound.
1:55 of 3rd period - Wrist shot by Sidney Crosby.
1:55 of 3rd period - Stopped by Pyotr Kochetkov with a rebound.
1:57 of 3rd period - Wrist shot by Damon Severson.
1:57 of 3rd period - Stopped by Pyotr Kochetkov with a rebound.
1:59 of 3rd period - Slapshot by Jamie Benn.
1:59 of 3rd period - Stopped by Pyotr Kochetkov with a rebound.
2:25 of 3rd period - Snap shot by Jamie Benn.
2:25 of 3rd period - Shot Blocked by David Krejci.
2:39 of 3rd period - Snap shot by Sidney Crosby.
2:39 of 3rd period - Stopped by Pyotr Kochetkov without a rebound.
2:40 of 3rd period - Dylan Larkin wins face-off versus Ryan Donato in Boston Bruins zone.
2:41 of 3rd period - Snap shot by Martin Necas.
2:41 of 3rd period - Stopped by Pyotr Kochetkov without a rebound.
2:42 of 3rd period - Dylan Larkin wins face-off versus Ryan Donato in Boston Bruins zone.
3:11 of 3rd period - Snap shot by Morgan Geekie.
3:11 of 3rd period - Stopped by David Rittich with a rebound.
3:49 of 3rd period - Samuel Girard is hit by Filip Forsberg and loses puck.
4:19 of 3rd period - Brady Skjei is hit by Morgan Geekie and loses puck.
5:29 of 3rd period - Cam York is hit by Evgeni Dadonov and loses puck.
5:40 of 3rd period - Cam York is hit by Tomas Nosek and loses puck.
6:05 of 3rd period - Vladislav Namestnikov is hit by Morgan Geekie and loses puck.
6:19 of 3rd period - Snap shot by Otto Koivula.
6:19 of 3rd period - Stopped by David Rittich with a rebound.
6:21 of 3rd period - Slapshot by David Krejci.
6:21 of 3rd period - Stopped by David Rittich with a rebound.
6:23 of 3rd period - Snap shot by Otto Koivula.
6:23 of 3rd period - Deflect By Adam Fox.
6:23 of 3rd period - Shot Misses the Net.
6:23 of 3rd period - Puck is out of play.
6:24 of 3rd period - Dylan Larkin wins face-off versus Pavel Zacha in Montreal Canadiens zone.
6:33 of 3rd period - Brandon Hagel is hit by Dylan Larkin and loses puck.
6:55 of 3rd period - Penalty Shot by Sidney Crosby for Montreal Canadiens.
6:55 of 3rd period - Wrist shot by Sidney Crosby.
6:55 of 3rd period - Stopped by Pyotr Kochetkov.
6:56 of 3rd period - Patrik Laine wins face-off versus David Krejci in Montreal Canadiens zone.
7:04 of 3rd period - Damon Severson is hit by Luke Kunin.
7:05 of 3rd period - Icing by Damon Severson.
7:06 of 3rd period - Sidney Crosby wins face-off versus David Krejci in Montreal Canadiens zone.
7:35 of 3rd period - Slapshot by Samuel Girard.
7:35 of 3rd period - Shot Blocked by Tyler Myers.
7:57 of 3rd period - Slapshot by Sidney Crosby.
7:57 of 3rd period - Stopped by Pyotr Kochetkov with a rebound.
7:59 of 3rd period - Wrist shot by Patrik Laine.
7:59 of 3rd period - Shot Misses the Net.
8:01 of 3rd period - Slapshot by Damon Severson.
8:01 of 3rd period - Deflect By Sidney Crosby.
8:01 of 3rd period - Shot Misses the Net.
8:01 of 3rd period - Puck is out of play.
8:02 of 3rd period - Pavel Zacha wins face-off versus Dylan Larkin in Boston Bruins zone.
8:02 of 3rd period - Pavel Zacha is hit by Dylan Larkin.
9:01 of 3rd period - Off-side.
9:02 of 3rd period - Pavel Zacha wins face-off versus Dylan Larkin in neutral zone.
9:24 of 3rd period - Icing by Damon Severson.
9:25 of 3rd period - Sidney Crosby wins face-off versus David Krejci in Montreal Canadiens zone.
9:33 of 3rd period - Slapshot by Tyler Myers.
9:33 of 3rd period - Deflect By Patrik Laine.
9:33 of 3rd period - Stopped by Pyotr Kochetkov without a rebound.
9:34 of 3rd period - Dylan Larkin wins face-off versus Pavel Zacha in Boston Bruins zone.
10:06 of 3rd period - Snap shot by David Krejci.
10:06 of 3rd period - Stopped by David Rittich without a rebound.
10:07 of 3rd period - Sidney Crosby wins face-off versus Pavel Zacha in Montreal Canadiens zone.
11:26 of 3rd period - Slapshot by Jake Evans.
11:26 of 3rd period - Stopped by Pyotr Kochetkov without a rebound.
11:27 of 3rd period - Filip Forsberg wins face-off versus David Krejci in Boston Bruins zone.
11:34 of 3rd period - Snap shot by Martin Necas.
11:34 of 3rd period - Shot Misses the Net.
11:40 of 3rd period - Slapshot by Charlie McAvoy.
11:40 of 3rd period - Shot Blocked by Dylan Larkin.
11:42 of 3rd period - Backhand shot by David Krejci.
11:42 of 3rd period - Shot Blocked by Filip Forsberg.
11:52 of 3rd period - Jamie Benn is hit by Anthony Beauvillier and loses puck.
12:14 of 3rd period - Snap shot by Joe Veleno.
12:14 of 3rd period - Stopped by David Rittich without a rebound.
12:15 of 3rd period - Jonathan Marchessault wins face-off versus Ryan Donato in Montreal Canadiens zone.
12:15 of 3rd period - Jonathan Marchessault is hit by John-Jason Peterka.
12:52 of 3rd period - Off-side.
12:53 of 3rd period - Pavel Zacha wins face-off versus Dylan Larkin in neutral zone.
12:56 of 3rd period - Snap shot by Anthony Beauvillier.
12:56 of 3rd period - Shot Misses the Net.
13:25 of 3rd period - Snap shot by Sidney Crosby.
13:25 of 3rd period - Stopped by Pyotr Kochetkov without a rebound.
13:26 of 3rd period - Patrik Laine wins face-off versus Pavel Zacha in Boston Bruins zone.
13:29 of 3rd period - Snap shot by Sidney Crosby.
13:29 of 3rd period - Stopped by Pyotr Kochetkov without a rebound.
13:30 of 3rd period - Pavel Zacha wins face-off versus Sidney Crosby in Boston Bruins zone.
13:41 of 3rd period - Snap shot by Brandon Hagel.
13:41 of 3rd period - Shot Misses the Net.
13:43 of 3rd period - Snap shot by Anthony Beauvillier.
13:43 of 3rd period - Shot Blocked by Jamie Benn.
13:45 of 3rd period - Wrist shot by Anthony Beauvillier.
13:45 of 3rd period - Shot Misses the Net.
13:57 of 3rd period - Slapshot by David Krejci.
13:57 of 3rd period - Stopped by David Rittich with a rebound.
13:59 of 3rd period - Wrist shot by Joel Farabee.
13:59 of 3rd period - Shot Misses the Net.
14:01 of 3rd period - Wrist shot by Joel Farabee.
14:01 of 3rd period - Stopped by David Rittich with a rebound.
14:03 of 3rd period - Slapshot by Tyson Barrie.
14:03 of 3rd period - Shot Misses the Net.
14:11 of 3rd period - Double Minor Penalty to Tyler Myers for Boarding.
14:12 of 3rd period - Sidney Crosby wins face-off versus Pavel Zacha in Montreal Canadiens zone.
16:41 of 3rd period - Icing by Luke Kunin.
16:42 of 3rd period - Jamie Benn wins face-off versus Luke Kunin in Boston Bruins zone.
18:11 of 3rd period - Penalty to Tyler Myers is over, Tyler Myers is back on ice.
18:17 of 3rd period - Marco Scandella is hit by Brandon Hagel and loses puck.
18:32 of 3rd period - Montreal Canadiens, David Rittich is pulled from the net.
18:34 of 3rd period - Snap shot by Tomas Nosek.
18:34 of 3rd period - Stopped by Pyotr Kochetkov without a rebound.
18:35 of 3rd period - Joe Veleno wins face-off versus Christian Fischer in Boston Bruins zone.
18:40 of 3rd period - Wrist shot by Matt Grzelcyk.
18:40 of 3rd period - Shot Misses the Net.
18:55 of 3rd period - Cam York is hit by Tyler Myers and loses puck.
19:08 of 3rd period - Wrist shot by Samuel Girard.
19:08 of 3rd period - Goal by Samuel Girard - Boston Bruins : 3 - Montreal Canadiens : 1.
19:08 of 3rd period - David Rittich from Montreal Canadiens was sent back in the game.
19:09 of 3rd period - Ryan Donato wins face-off versus Christian Fischer in neutral zone.
19:11 of 3rd period - Samuel Girard is hit by Brady Skjei and loses puck.
19:20 of 3rd period - Snap shot by Ryan Donato.
19:20 of 3rd period - Shot Misses the Net.
19:38 of 3rd period - Minor Penalty to Jonathan Marchessault for Holding.
19:39 of 3rd period - Jamie Benn wins face-off versus Pavel Zacha in Montreal Canadiens zone.
19:48 of 3rd period - Adam Fox is hit by Anthony Beauvillier and loses puck.
Goals for this period are 1 for Boston Bruins vs 0 for Montreal Canadiens.
Shots for this period are 9 for Boston Bruins vs 15 for Montreal Canadiens.
Back to the Top